 Dungeon Crawl Stone Soup version 0.17-a0-1311-gbcbd859 (webtiles) character file.

964864 nubinia the Archmage (level 27, -2/143 HPs)
             Began as a Spriggan Venom Mage on June 1, 2015.
             Was the Champion of Zin.
             Slain by Mnoleg (17 damage)
             ... while paralysed by a giant eyeball
             ... in Pandemonium on June 8, 2015.
             The game lasted 1 day 00:46:45 (155008 turns).

nubinia the Archmage (Spriggan Venom Mage)    Turns: 155008, Time: 1 , 00:46:46

Health: -2/143     AC: 34    Str: 22    XL:     27
Magic:  0/55       EV:  4    Int: 33    God:    Zin [******]
Gold:   9366       SH:  0    Dex: 29    Spells: 20 memorised, 2 levels left

rFire  + + .     SeeInvis +     a - +18 lance "Wyrmbane" {slay drac, +Rage rPois rF+ AC+5}
rCold  x . .     Clarity  +     G - +4 faerie dragon armour {rElec rCorr MP-9 Clar}
rNeg   + + .     SustAt   .     (shield restricted)
rPois  ∞         Gourm    .     D - +2 hat {Spirit}
rElec  +         Spirit   +     W - +2 cloak of Damihywa {rC- rN++ Int+6}
rCorr  +         Warding  .     (gloves unavailable)
rMut   .         Stasis   .     (boots unavailable)
MR     +++++                    S - amulet "Udorear" {Faith rElec MR+ Dex+4 Stlth+}
Stlth  ++++++++++               z - ring of Robustness {AC+8}
                                y - ring "Unnuydul" {rElec MP+9 Str+7 Dex-2 Stlth+}

@: paralysed, vitalised, short of breath, deflect missiles, very quick, almost
entirely resistant to hostile enchantments, uncannily stealthy
A: unfitting armour, rough black scales 1, see invisible, agile 1, fire
resistance 1, herbivore 3, speed 3, slow metabolism 2, MP-powered wands
a: Recite, Vitalisation, Imprison, Sanctuary, Cure All Mutations, Renounce
Religion, Evoke Berserk Rage
}: 9/15 runes: decaying, serpentine, slimy, silver, golden, iron, abyssal,
demonic, fiery


You were in Pandemonium.
You worshipped Zin.
Zin was exalted by your worship.
You were completely stuffed.

You visited 15 branches of the dungeon, and saw 73 of its levels.
You visited Pandemonium 3 times, and saw 18 of its levels.
You visited the Abyss 2 times.
You also visited: Ice Cave.

You collected 14128 gold pieces.
You spent 1257 gold pieces at shops.
You donated 3505 gold pieces to Zin.

Inventory:

Hand weapons
 a - the +18 lance "Wyrmbane" (weapon) {slay drac, +Rage rPois rF+ AC+5}
   (You found it in an ice cave)

   It affects your AC (+5).
   It protects you from fire.
   It protects you from poison.
   It lets you go berserk.
 b - a +9 quick blade of piercing
 m - the +10 mace "Sexzueci" {crush, MR+++ MP+9 Str+2 Dex-3}
   (You took it off a deep elf sorcerer on level 3 of the Elven Halls)

   It inflicts extra damage upon your enemies.
   It affects your strength (+2).
   It affects your dexterity (-3).
   It affects your resistance to hostile enchantments.
   It affects your magic capacity (+9).
 s - the +11 trident of Okawaru's Scorn {pierce, +Inv rF+ SInv Stlth+}
   (You found it on level 3 of the Tomb of the Ancients)

   It inflicts extra damage upon your enemies.
   It protects you from fire.
   It lets you see invisible.
   It lets you turn invisible.
   It makes you more stealthy.
 B - a +0 blowgun
Missiles
 X - 26 curare-tipped needles
Armour
 D - a +2 hat of spirit shield (worn)
 G - the +4 faerie dragon armour (worn) {rElec rCorr MP-9 Clar}
   (You took it off the Enchantress on level 4 of the Depths)

   It insulates you from electricity.
   It affects your magic capacity (-9).
   It protects you against confusion.
   It protects you from acid and corrosion.
 W - the +2 cloak of Damihywa (worn) {rC- rN++ Int+6}
   (You found it on level 4 of the Depths)

   It affects your intelligence (+6).
   It makes you vulnerable to cold.
   It greatly protects you from negative energy.
Jewellery
 c - the ring of the Barracuda {rElec rC+++ Str-4 Int+4 SInv}
   (You took it off a deep elf demonologist on level 3 of the Elven Halls)

   [ring of intelligence]

   It affects your strength (-4).
   It affects your intelligence (+4).
   It renders you almost immune to cold.
   It insulates you from electricity.
   It lets you see invisible.
 n - the ring of Higial {+Fly Str+2 Int+5 Dex+4}
   (You found it on level 2 of the Depths)

   [ring of flight]

   It affects your strength (+2).
   It affects your intelligence (+5).
   It affects your dexterity (+4).
   It lets you fly.
 y - the ring "Unnuydul" (left hand) {rElec MP+9 Str+7 Dex-2 Stlth+}
   (You found it on level 3 of the Tomb of the Ancients)

   [ring of magical power]

   It affects your strength (+7).
   It affects your dexterity (-2).
   It insulates you from electricity.
   It affects your magic capacity (+9).
   It makes you more stealthy.
 z - the ring of Robustness (right hand) {AC+8}
   (You found it on level 1 of the Depths)

   [ring of protection]

   It affects your AC (+8).
 S - the amulet "Udorear" (around neck) {Faith rElec MR+ Dex+4 Stlth+}
   (You took it off a spriggan on level 4 of the Depths)

   [amulet of faith]

   It allows you to gain divine favour quickly.
   It affects your dexterity (+4).
   It insulates you from electricity.
   It affects your resistance to hostile enchantments.
   It makes you more stealthy.
 V - the ring of Wocw {AC+3 Dex+6}
   (You found it on level 1 of the Realm of Zot)

   [ring of protection]

   It affects your AC (+3).
   It affects your dexterity (+6).
 Y - an uncursed ring of protection from fire
Magical devices
 h - a wand of fireball (8)
 t - a wand of cold (2)
 H - a wand of hasting (5)
 O - a wand of heal wounds (3)
 Q - a wand of fire (10)
Scrolls
 g - 34 scrolls of remove curse
 o - 4 scrolls of magic mapping
 q - 3 scrolls of fear
 u - 13 scrolls of recharging
 v - 12 scrolls of teleportation
 w - 4 scrolls of blinking
 J - 11 scrolls of identify
 Z - 3 scrolls of summoning
Potions
 f - 16 potions of heal wounds
 j - 8 potions of haste
 l - 2 potions of magic
 p - 8 potions of agility
 x - 13 potions of curing
 A - 7 potions of might
 K - 4 potions of flight
 N - a potion of brilliance
 P - 3 potions of cancellation
 R - 2 potions of resistance
Miscellaneous
 I - a phantom mirror
Comestibles
 U - 18 bread rations


   Skills:
 - Level 14.4 Fighting
 - Level 4.5 Short Blades
 - Level 14.0 Polearms
 - Level 4.4 Throwing
 - Level 6.5 Armour
 O Level 27 Dodging
 O Level 27 Stealth
 O Level 27 Spellcasting
 - Level 9.3 Conjurations
 - Level 13.6 Charms
 - Level 3.0 Summonings
   Level 6.9 Necromancy
 - Level 24.5 Translocations
 - Level 13.8 Transmutations
 - Level 6.2 Fire Magic
 + Level 17.2 Air Magic
 - Level 6.7 Earth Magic
 - Level 6.0 Poison Magic
 - Level 18.8 Invocations
 - Level 6.8 Evocations


You had 2 spell levels left.
You knew the following spells:

 Your Spells              Type           Power        Failure   Level  Hunger
a - Airstrike             Air            ########..   0%          4    None
b - Force Lance           Conj/Tloc      ########     0%          4    None
c - Mephitic Cloud        Conj/Pois/Air  #######.     1%          3    None
d - Dispersal             Tloc           ########..   0%          6    None
e - Blink                 Tloc           N/A          0%          2    None
f - Summon Forest         Summ/Tloc      #######...   1%          5    None
g - Shroud of Golubria    Chrm/Tloc      ########..   0%          2    None
h - Control Teleport      Chrm/Tloc      ########..   0%          4    None
i - Iskenderun's Battles  Conj/Chrm      #######.     1%          5    None
j - Deflect Missiles      Chrm/Air       #######...   1%          6    None
k - Controlled Blink      Tloc           N/A          1%          7    None
l - Lee's Rapid Deconstr  Erth           ######....   1%          5    None
m - Stoneskin             Trmt/Erth      #######.     0%          2    None
n - Magic Dart            Conj           ####         0%          1    None
o - Summon Guardian Gole  Hex/Summ       ######..     1%          3    None
p - Phase Shift           Tloc           ########..   0%          5    None
q - Sticky Flame          Conj/Fire      #######.     1%          4    None
A - Apportation           Tloc           ########..   0%          1    None
L - Summon Lightning Spi  Summ/Air       #######.     1%          4    None
S - Silence               Hex/Air        #######...   1%          5    None


Dungeon Overview and Level Annotations

Branches:
Dungeon (15/15)            Temple (1/1) D:4            Lair (8/8) D:9
  Swamp (4/4) Lair:6        Snake (4/4) Lair:5        Slime (6/6) Lair:8
    Orc (4/4) D:9             Elf (3/3) Orc:3        Vaults (5/5) D:14
  Crypt (3/3) Vaults:2       Tomb (3/3) Crypt:3      Depths (5/5) D:15
   Hell (1/1)                 Dis (7/7) Hell            Geh (0/7) Hell
    Coc (0/7) Hell            Tar (0/7) Hell            Zot (4/5) Depths:5

Altars:
Cheibriados
Dithmenos
Elyvilon
Gozag
Kikubaaqudgha
Nemelex Xobeh
Okawaru
Sif Muna
Trog
Vehumet
Xom
Yredelemnul
Zin
The Shining One
Beogh
Jiyva
Lugonu

Shops:
D:5 ?   Orc:3 (   Orc:4 ?*:[   Elf:2 !   Snake:4 :!**   Vaults:2 %

Portals:
Hell: Depths:1 Depths:2 Depths:3 Depths:4 Depths:5
Abyss: Depths:1 Depths:2 Depths:4
Pandemonium: Orc:4 Depths:3 Depths:5
Ziggurat: Depths:5

Annotations:
D:4 Menkaure
D:9 Erolcha
Swamp:4 monstrosity!
Slime:6 Charly's ghost, mighty GrBe; Royal Jelly
Crypt:2 Khufu
Dis:7 Dispater
Zot:3 exclusion: curse toe
Pan Mnoleg


Innate Abilities, Weirdness & Mutations

You are tiny and cannot use many weapons and most armour.
You have supernaturally acute eyesight.
You are a herbivore.
You cover ground extremely quickly.
You need consume almost no food.
You are partially covered in rough black scales (AC +4, Dex -1).
You are agile. (Dex +2)
Your flesh is heat resistant.
You expend magic power (3 MP) to strengthen your wands.


Message History

Your golden eye blinks at Mnoleg.
Mnoleg is unaffected.
The neqoxec hits the shadow imp.
The shadow imp barely misses your golden eye.
The iron imp hits you but does no damage.
Your eye of draining gazes at the neqoxec.
The neqoxec's magic leaks into the air.
The white imp hits your eye of draining but does no damage.
Mnoleg claws you!
* * * LOW HITPOINT WARNING * * *
Mnoleg barely misses you. Mnoleg gores you!
* * * LOW HITPOINT WARNING * * *
Mnoleg kicks you but does no damage. The neqoxec hits your golden eye!
Your golden eye dies!
The neqoxec is seared!
The large abomination is seared!
Your golden eye blinks at Mnoleg.
Mnoleg is unaffected.
The neqoxec closely misses the shadow imp.
The shadow imp hits your golden eye. The ufetubus misses your golden eye.
The ufetubus misses your golden eye. Mnoleg claws you!
You die...

#...#######.#######..#...###.....
.........................#.......
.###########.G.#######...#.......
..## ##...## ##....#....... ...#
##...###.....#....... #...#
##G..#...#..#....... ##...#
##.G53.##..#....... #...#
##55.###..#....... #...# ##@35##
#..##...... #...# ##&8G##
#..###..... #...# ##XGX##
#..#####... #...###XXX##
#..#.##.... # #...GX8(#
#..##...#.. ## ###.....# #.##....
.## ##.......# ####∩#.. ..##
#φ#......# #....#.. #..##
#....X53# #...##..


You could see Mnoleg, a tentacled monstrosity, 5 large abominations, an eye of
draining, 2 neqoxecs, a giant eyeball, an iron imp, a white imp, a shadow imp,
an ufetubus, a friendly eye of draining and a friendly golden eye.

Vanquished Creatures
  2 ancient liches
  An orb of fire (Zot:4)
  Sojobo (Crypt:3)
  30 greater mummies
  Norris (Vaults:1)
  Saint Roka (Depths:4)
  The ghost of Oddysee the Slayer, a great MiFi of Okawaru (Depths:3)
  A Killer Klown (Zot:3)
  A curse toe (Zot:4)
  A caustic shrike (Depths:2)
  19 golden dragons
  Geryon (Hell)
  the Enchantress (Depths:4)
  A profane servitor (Crypt:3)
  4 bone dragons
  3 Brimstone Fiends (Dis:7)
  8 liches
  Jorgrun (Vaults:2)
  Rupert (D:13)
  5 Hell Sentinels
  17 tentacled monstrosities
  3 titans
  3 Ice Fiends (Dis:7)
  A deep elf blademaster (Elf:3)
  A deep elf master archer (Elf:3)
  A Shadow Fiend (Dis:7)
  4 quicksilver dragons
  9 Executioners
  11 acid blobs
  The ghost of totalnoob the Warrior, a mighty DrIE of Vehumet (Swamp:2)
  A tentacled starspawn (Abyss:5)
  Gastronok (Lair:1)
  7 sphinxes
  8 tengu reavers
  A shadow dragon (shapeshifter) (Depths:2)
  Frances (Swamp:2)
  10 shadow dragons
  Kirke (Snake:3)
  3 ancient champions
  12 storm dragons
  Roxanne (D:14)
  4 azure jellies
  3 revenants
  2 greater nagas (Snake:4)
  5 draconian monks (Zot:4)
  5 deep elf sorcerers
  Donald (Swamp:1)
  An emperor scorpion (Depths:4)
  8 draconian knights
  10 iron dragons
  Maud (D:13)
  7 draconian scorchers
  20 balrugs
  Aizul (Vaults:1)
  Louise (Swamp:1)
  10 frost giants
  4 pandemonium lords (Pan)
  3 curse skulls
  7 draconian zealots
  10 fire giants
  5 draconian shifters
  An orc warlord (Vaults:3)
  19 vault wardens
  8 ghouls
  5 draconian annihilators
  14 cacodemons (Pan)
  5 spriggan defenders
  29 war gargoyles
  11 warmongers (Pan)
  5 blood saints (Pan)
  15 ironheart preservers
  7 rakshasas
  26 reapers
  20 very ugly things
  18 stone giants
  A draconian caller (Zot:3)
  15 green draconians
  Nessos (D:15)
  6 deep elf demonologists
  6 bennus
  5 vampire knights
  12 yellow draconians
  8 black draconians
  12 white draconians
  6 deep elf annihilators
  11 red draconians
  A lorocyproca (Pan)
  9 purple draconians
  A dire elephant (Depths:4)
  5 salamander firebrands
  11 chaos champions (Pan)
  10 mottled draconians
  5 corrupters (Pan)
  15 large abominations
  3 blizzard demons
  Snorg (D:14)
  5 black suns (Pan)
  7 deep elf death magi
  16 fire dragons
  17 mummy priests
  A death ooze (Slime:6)
  9 eidola
  11 ettins
  4 green deaths
  28 vault guards
  8 jiangshi
  2 quicksilver dragon zombies
  24 yaktaur captains
  5 deep elf high priests
  10 great orbs of eyes
  23 hydras
  5 hell beasts (Pan)
  11 ice dragons
  6 spriggan air magi
  A quicksilver dragon skeleton (Crypt:1)
  8 naga warriors
  11 death cobs
  5 entropy weavers
  14 centaur warriors
  5 death knights
  4 monstrous demonspawn (Pan)
  13 ogre magi
  7 alligators
  A catoblepas (D:8)
  5 anacondas
  16 dancing weapons
  A ghost crab (Swamp:3)
  10 death yaks
  13 tengu warriors
  11 deep troll earth magi
  9 deep troll shamans
  7 orc high priests (Orc:4)
  12 spriggan berserkers
  5 salamander stormcallers
  24 sun demons
  2 titan zombies
  Urug (Lair:2)
  3 vampire magi
  4 shock serpents
  3 storm dragon zombies
  7 soul eaters
  6 naga sharpshooters
  11 hell knights
  Sonja (Orc:3)
  7 iron golems
  14 deep elf knights
  6 small abominations
  A thrashing horror (Abyss:5)
  2 wretched stars (Abyss:5)
  16 iron trolls
  4 shadow wraiths (Crypt:2)
  11 ice devils
  10 death scarabs
  A storm dragon skeleton (Tomb:1)
  A fire crab (Vaults:5)
  41 skeletal warriors
  2 ghost moth zombies
  2 golden dragon zombies
  3 harpies (shapeshifter)
  16 ironbrand convokers
  8 swamp dragons
  5 deep elf summoners
  5 unseen horrors
  22 deep trolls
  11 hill giants
  2 ice statues (Hell)
  5 giant orange brains
  13 flayed ghosts
  3 naga ritualists
  4 putrid demonspawn (Pan)
  11 torturous demonspawn
  9 gelid demonspawn
  16 deep elf conjurers
  A golden dragon skeleton (Tomb:3)
  14 orc knights
  14 infernal demonspawn
  3 anaconda zombies
  33 phantasmal warriors
  2 tengu zombies
  10 necromancers
  An orb spider (shapeshifter) (Vaults:2)
  An iron dragon zombie (Dis:7)
  4 wizards
  3 anaconda skeletons
  6 griffons
  11 anubis guards
  5 hornets
  4 mana vipers
  2 shining eyes
  A salamander (shapeshifter) (Depths:2)
  11 harpies
  4 wolf spider zombies
  A cyclops (shapeshifter) (Depths:2)
  3 fire giant zombies
  8 wolf spiders
  5 shadow demons (Pan)
  A shadow dragon skeleton (Vaults:3)
  8 cyclopes
  2 griffons (shapeshifter) (Vaults:5)
  7 orc sorcerers
  2 salamanders
  A manticore (shapeshifter) (Depths:2)
  58 ugly things
  8 frost giant zombies
  6 stone giant zombies
  38 rust devils
  17 sixfirhies
  25 smoke demons
  34 black mambas
  A fire giant skeleton (Hell)
  Maurice (Orc:2)
  12 elephants
  3 dire elephant zombies
  11 naga magi
  2 guardian serpents (Snake:1)
  15 moths of wrath
  A stone giant skeleton (Depths:1)
  2 shock serpent zombies
  28 orange demons
  15 vault sentinels
  A catoblepas zombie (Crypt:3)
  A torpor snail (Lair:8)
  12 efreet
  3 gargoyles
  A black mamba (shapeshifter) (D:15)
  A torpor snail (shapeshifter) (Vaults:5)
  3 dire elephant skeletons (Crypt:2)
  24 hellions
  A yellow draconian zombie (Crypt:2)
  A dryad (Vaults:3)
  2 elf skeletons
  22 spiny frogs
  An emperor scorpion zombie (Tomb:1)
  2 fire drakes
  2 demonic crawlers
  44 yaktaurs
  15 tormentors
  7 komodo dragons
  7 freezing wraiths
  A green draconian skeleton (Crypt:2)
  10 spriggan druids
  32 red devils
  An ancient zyme (Abyss:5)
  16 deep elf priests
  3 kobold demonologists (D:12)
  A fire drake (shapeshifter) (Depths:2)
  25 guardian mummies
  A queen bee (D:8)
  A black draconian skeleton (Crypt:2)
  4 tengu conjurers
  A merfolk (shapeshifter) (Vaults:2)
  17 polar bears
  7 hydra zombies
  2 shadow dragon simulacra (Crypt:2)
  An entropy weaver zombie (Crypt:1)
  14 blue devils
  2 harpy zombies
  9 trolls
  13 hellwings
  A jumping spider (Depths:1)
  A polar bear (shapeshifter) (Vaults:1)
  A wolf spider simulacrum (Hell)
  A hydra skeleton (Hell)
  27 blink frogs
  A minotaur skeleton (Tomb:3)
  A wind drake (shapeshifter) (Vaults:3)
  29 two-headed ogres
  7 bog bodies
  A fire dragon zombie (Crypt:2)
  4 boulder beetles
  A two-headed ogre (shapeshifter) (Depths:2)
  5 giant leeches
  56 slime creatures
  38 ravens
  33 ushabtiu
  2 ettin zombies
  6 shadows
  A raiju (shapeshifter) (Vaults:1)
  6 air elementals
  An alligator skeleton (Hell)
  5 ice dragon zombies
  A fire dragon skeleton (Crypt:2)
  20 redbacks
  13 ynoxinuls
  28 flying skulls
  A tarantella (shapeshifter) (Vaults:5)
  11 wraiths
  34 deep elf fighters
  3 tarantellas
  38 yaks
  3 fire elementals (Hell)
  14 water elementals
  3 ettin skeletons
  37 spriggans
  A trapdoor spider (D:14)
  32 deep elf magi
  A human (shapeshifter) (Elf:1)
  58 vampire mosquitoes
  A wyvern (D:13)
  A hungry ghost (D:14)
  3 basilisks
  38 wolves
  2 vampires (Crypt:1)
  2 golden eyes (Pan)
  A hog (shapeshifter) (Vaults:1)
  26 nagas
  12 hippogriffs
  7 chaos spawn
  12 neqoxecs (Pan)
  6 raven skeletons (Crypt:3)
  13 insubstantial wisps
  2 merfolk zombies
  15 swamp worms
  An infernal demonspawn skeleton (Crypt:1)
  40 orc warriors
  15 wasps
  A soldier ant (D:15)
  9 porcupines
  3 wargs
  3 mottled dragons
  10 water moccasins
  An ice beast (shapeshifter) (D:13)
  3 sky beasts
  A hydra simulacrum (Crypt:2)
  10 hell hounds
  A swamp dragon zombie (Dis:7)
  5 human zombies
  2 phantoms
  2 spiders (Crypt:3)
  A manticore zombie (Crypt:3)
  A snapping turtle zombie (Dis:4)
  7 black bears
  17 swamp drakes
  18 necrophages
  50 ogres
  19 ice beasts
  16 boggarts
  4 eyes of draining
  A manticore skeleton (Crypt:2)
  An elf simulacrum (Depths:2)
  19 centaurs
  24 giant frogs
  16 crocodiles
  A brain worm (shapeshifter) (Elf:1)
  3 lightning spires
  A komodo dragon skeleton (Crypt:2)
  A wyvern skeleton (D:8)
  5 big kobolds
  A cyclops skeleton (Crypt:2)
  2 spiny frog simulacra
  6 scorpions
  35 killer bees
  A snapping turtle simulacrum (Crypt:2)
  2 human simulacra
  A spriggan zombie (Dis:7)
  A warg skeleton (Crypt:2)
  16 wights
  A troll skeleton (Crypt:2)
  12 crimson imps
  5 electric eels
  3 gnoll shamans (D:6)
  2 giant frog skeletons
  10 hounds
  25 jellies
  3 quasits
  Crazy Yiuf (D:3)
  3 centaur zombies
  4 giant frog zombies
  A two-headed ogre zombie (Crypt:2)
  28 iron imps
  5 centaur skeletons
  42 orc priests
  8 iguanas
  28 orc wizards
  A porcupine zombie (Crypt:1)
  14 worker ants
  13 hell rats
  34 sheep
  42 mummies
  A hound zombie (D:6)
  3 hound skeletons
  Robin (D:4)
  2 worker ant zombies
  An adder (shapeshifter) (Vaults:5)
  19 adders
  9 gnolls
  29 river rats
  8 shadow imps
  5 ufetubi (Orc:4)
  An adder skeleton (D:6)
  A halfling skeleton (Crypt:2)
  3 worms
  6 giant geckos
  203 orcs
  4 ball pythons
  8 bat skeletons
  5 giant cockroaches
  21 hobgoblins
  8 jackals
  30 kobolds
  A ball python zombie (Crypt:1)
  25 bats
  A giant cockroach zombie (D:6)
  2 giant gecko skeletons
  A giant gecko zombie (D:5)
  7 giant newts
  25 goblins
  2 orc zombies
  6 quokkas
  16 rats
  2 bushes (Depths:4)
  A butterfly (Lair:2)
  3 crawling corpses
  2 grand avatars (Pan)
  9 lost souls
  11 pillars of salt
  5 plants
  A snaplasher vine (Depths:1)
3852 creatures vanquished.

Vanquished Creatures (collateral kills)
  Mara (Vaults:2)
  Frederick (Vaults:2)
  Nikola (Swamp:1)
  A golden dragon (Depths:3)
  2 liches
  2 tentacled monstrosities
  2 deep elf blademasters
  A deep elf master archer (Elf:3)
  An octopode crusher (Depths:2)
  A sphinx (Depths:1)
  Agnes (Elf:2)
  An ancient champion (Crypt:1)
  3 tengu reavers
  A storm dragon (Depths:2)
  4 greater nagas
  2 thorn hunters
  3 fire giants
  2 frost giants
  A deep elf sorcerer (Elf:3)
  A draconian scorcher (Depths:5)
  5 vault wardens
  A curse skull (Crypt:2)
  2 ghouls (Crypt:2)
  2 spriggan defenders
  A vampire knight (Vaults:2)
  7 ironheart preservers
  5 very ugly things
  9 stone giants
  2 reapers (Crypt:2)
  4 deep elf annihilators
  6 deep elf demonologists (Elf:3)
  A red draconian (Depths:5)
  2 ettins
  4 eidola
  4 deep elf death magi
  2 jiangshi
  9 hydras
  3 rakshasas
  7 vault guards
  A yaktaur captain (Vaults:3)
  7 naga warriors
  A ghost crab (Swamp:2)
  4 spriggan air magi
  A centaur warrior (Depths:3)
  3 ogre magi
  A salamander stormcaller (Vaults:3)
  2 anacondas (Snake:4)
  2 tengu warriors
  An orc high priest (Orc:4)
  2 alligators (Swamp:3)
  3 spriggan berserkers
  4 naga sharpshooters
  A shock serpent (Snake:3)
  A sun demon (Depths:1)
  A titan skeleton (Crypt:2)
  A storm dragon zombie (Crypt:3)
  A deep troll earth mage (Depths:3)
  A shadow wraith (Crypt:2)
  A hell knight (Depths:2)
  7 skeletal warriors
  A golden dragon zombie (Crypt:3)
  2 deep trolls
  7 iron trolls
  A sea snake (Snake:3)
  A deep elf knight (Elf:2)
  2 swamp dragons (Swamp:4)
  3 spriggan druids
  A flayed ghost (Crypt:2)
  2 naga ritualists
  A hill giant (Vaults:1)
  A giant orange brain (Vaults:3)
  5 shambling mangroves
  3 phantasmal warriors
  A deep elf summoner (Vaults:3)
  25 ugly things
  3 deep elf conjurers
  A wolf spider zombie (Crypt:2)
  5 harpies
  5 orc knights
  A mana viper (Snake:3)
  3 necromancers
  A manticore (Depths:4)
  2 cyclopes (Depths:4)
  A fire giant zombie (Crypt:3)
  A shadow dragon skeleton (Crypt:3)
  3 salamanders
  A moth of wrath (shapeshifter) (Vaults:3)
  A wolf spider (Vaults:2)
  11 black mambas
  A wizard (Depths:3)
  2 hornets
  A stone giant skeleton (Crypt:2)
  7 naga magi
  A titan simulacrum (Crypt:2)
  3 vault sentinels
  A guardian serpent (Snake:3)
  3 spiny frogs
  15 yaktaurs
  A catoblepas zombie (Crypt:3)
  A jumping spider (Depths:5)
  A golden dragon simulacrum (Crypt:2)
  A guardian mummy (Tomb:3)
  A queen bee (shapeshifter) (Vaults:4)
  A harpy zombie (Crypt:3)
  3 deep elf priests
  2 tengu conjurers
  A human skeleton (Vaults:3)
  2 freezing wraiths
  A blink frog (Swamp:4)
  A troll (shapeshifter) (Vaults:3)
  A two-headed ogre (D:15)
  An ettin zombie (Crypt:3)
  4 slime creatures
  A boulder beetle (Vaults:4)
  A bog body (Swamp:2)
  10 ravens
  2 flying skulls
  2 shadows
  A fire dragon skeleton (Depths:1)
  3 redbacks (Depths:2)
  4 deep elf magi
  3 tarantellas
  An ettin skeleton (Vaults:3)
  18 spriggans
  An air elemental (Depths:5)
  A basilisk (shapeshifter) (Vaults:1)
  A warg (Depths:5)
  4 deep elf fighters
  2 hogs (Snake:3)
  A basilisk (D:13)
  28 nagas
  A hungry ghost (Depths:1)
  8 swamp worms
  8 vampire mosquitoes
  A raven skeleton (Crypt:3)
  A water moccasin (Snake:2)
  An entropy weaver simulacrum (Depths:1)
  2 insubstantial wisps (Swamp:3)
  A soldier ant (shapeshifter) (Vaults:3)
  A swamp drake (Swamp:1)
  A manticore zombie (Crypt:3)
  9 ogres
  A snapping turtle zombie (Crypt:3)
  3 boggarts
  A necrophage (Crypt:3)
  8 wasps
  3 orc warriors
  3 centaurs
  A big kobold (D:14)
  A giant frog (Lair:1)
  2 killer bees (D:9)
  A wight (Crypt:1)
  A sheep (D:13)
  A white imp (Depths:5)
  An iguana zombie (Crypt:2)
  3 orcs
  2 kobolds (D:14)
  2 fungi (Elf:1)
457 creatures vanquished.

Vanquished Creatures (others)
  A lich (Tomb:2)
  4 eldritch tentacles
  A tengu reaver (Vaults:4)
  A draconian knight (Zot:4)
  2 draconian scorchers
  A vault warden (Vaults:3)
  A stone giant (Vaults:1)
  A red draconian (Zot:3)
  A titan zombie (Crypt:2)
  38 death scarabs (Tomb:2)
  2 skeletal warriors (Tomb:2)
  A golden dragon zombie (Tomb:2)
  A necromancer (Vaults:1)
  An ironbrand convoker (Vaults:1)
  A deep elf conjurer (Vaults:4)
  A stone giant zombie (Tomb:2)
  An iron dragon skeleton (Tomb:2)
  8 dryads
  A dire elephant zombie (Tomb:2)
  A frost giant skeleton (Tomb:2)
  A golden dragon simulacrum (Tomb:2)
  A two-headed ogre (Vaults:5)
  5 polar bears (IceCv)
  A tengu conjurer (Depths:3)
  A raven (Swamp:3)
  An ushabti (Tomb:3)
  8 flying skulls (Tomb:2)
  A wraith (Dis:7)
  2 yaks (IceCv)
  A redback (Vaults:1)
  A hippogriff (Lair:1)
  A porcupine (Lair:1)
  A wolf (IceCv)
  A wasp (Depths:4)
  An orc warrior (Depths:5)
  An ogre (Vaults:5)
  50 lightning spires
  A killer bee (D:8)
  7 mummies (Tomb:2)
  An orc (D:8)
  An orc zombie (Tomb:3)
  4 briar patches (Swamp:4)
  A crawling corpse (Vaults:5)
  316 eldritch tentacle segments
  13 fungi
  10 lost souls
  77 pillars of salt
  16 plants
  12 snaplasher vines
  966 snaplasher vine segments
1572 creatures vanquished.

Grand Total: 5881 creatures vanquished

Notes
Turn   | Place    | Note
--------------------------------------------------------------
     0 | D:1      | nubinia the Spriggan Venom Mage began the quest for the Orb.
     0 | D:1      | Reached XP level 1. HP: 9/9 MP: 5/5
   702 | D:1      | Reached XP level 2. HP: 10/13 MP: 2/7
  1147 | D:2      | Learned a level 2 spell: Cure Poison
  1210 | D:2      | Reached XP level 3. HP: 12/16 MP: 3/8
  1215 | D:2      | Learned a level 3 spell: Mephitic Cloud
  1418 | D:2      | Reached skill level 1 in Conjurations
  1632 | D:2      | Reached XP level 4. HP: 21/21 MP: 4/10
  2104 | D:2      | Reached skill level 1 in Air Magic
  2260 | D:3      | Noticed Crazy Yiuf
  2281 | D:3      | Killed Crazy Yiuf
  2394 | D:3      | Noticed an ogre
  2417 | D:3      | Killed an ogre
  2417 | D:3      | Reached XP level 5. HP: 24/24 MP: 5/13
  2487 | D:3      | Reached skill level 5 in Spellcasting
  2487 | D:3      | Reached skill level 1 in Evocations
  2519 | D:3      | Found a bloodstained altar of Trog.
  2630 | D:3      | Reached XP level 6. HP: 28/28 MP: 7/14
  2835 | D:4      | Found a staircase to the Ecumenical Temple.
  2870 | Temple   | Entered the Ecumenical Temple
  2879 | Temple   | Became a worshipper of Sif Muna the Loreminder
  3180 | D:4      | Noticed Robin
  3232 | D:4      | Killed Robin
  3433 | D:4      | Noticed Menkaure
  3901 | D:4      | Reached skill level 5 in Poison Magic
  4022 | D:4      | Reached XP level 7. HP: 32/32 MP: 14/16
  4197 | D:5      | Entered Level 5 of the Dungeon
  4209 | D:5      | Reached skill level 6 in Spellcasting
  4413 | D:5      | Acquired Sif Muna's first power
  5030 | D:5      | Found a shadowy altar of Dithmenos.
  5090 | D:5      | Found Zezakhlit's Magic Scroll Shop.
  5125 | D:5      | Reached skill level 1 in Short Blades
  5125 | D:5      | Reached skill level 5 in Stealth
  5530 | D:5      | Reached XP level 8. HP: 31/36 MP: 15/19
  5549 | D:5      | Reached skill level 5 in Dodging
  5778 | D:5      | Bought a scroll of magic mapping for 38 gold pieces
  6501 | D:5      | Reached skill level 7 in Spellcasting
  7400 | D:6      | Acquired Sif Muna's second power
  7400 | D:6      | Reached skill level 1 in Fighting
  7400 | D:6      | Reached skill level 8 in Spellcasting
  7556 | D:6      | Reached XP level 9. HP: 21/40 MP: 13/22
  7802 | D:6      | Reached skill level 5 in Evocations
  9012 | D:7      | Reached skill level 9 in Spellcasting
  9310 | D:7      | Found a glowing golden altar of the Shining One.
  9310 | D:7      | Found a snail-covered altar of Cheibriados.
  9311 | D:7      | Found a shimmering altar of Xom.
  9643 | D:8      | Noticed a catoblepas
 10056 | D:8      | Reached skill level 1 in Throwing
 10056 | D:8      | Reached XP level 10. HP: 45/45 MP: 2/24
 10155 | D:8      | Killed a catoblepas
 10508 | D:8      | Reached skill level 5 in Air Magic
 10965 | D:8      | Found a sparkling altar of Nemelex Xobeh.
 11159 | D:9      | Noticed a five-headed hydra
 11179 | D:9      | Reached skill level 10 in Spellcasting
 11646 | D:9      | Noticed Erolcha
 11690 | D:8      | Learned a level 1 spell: Apportation
 11694 | D:8      | Learned a level 2 spell: Blink
 11697 | D:8      | Learned a level 2 spell: Shroud of Golubria
 12208 | D:9      | Reached skill level 1 in Translocations
 12360 | D:9      | Found a staircase to the Orcish Mines.
 12418 | D:9      | Reached skill level 1 in Charms
 12735 | D:9      | Found an iron altar of Okawaru.
 12866 | D:9      | Found a staircase to the Lair.
 12882 | Lair:1   | Entered Level 1 of the Lair of Beasts
 12927 | Lair:1   | Noticed a black mamba
 12931 | Lair:1   | Acquired Sif Muna's third power
 12949 | Lair:1   | Killed a black mamba
 13045 | Lair:1   | Found a frozen archway.
 13056 | IceCv    | Entered an ice cave
 13088 | IceCv    | Reached skill level 10 in Stealth
 13204 | IceCv    | Reached XP level 11. HP: 47/50 MP: 7/26
 13410 | IceCv    | Noticed an ice statue
 13464 | IceCv    | Identified the Compendium of Ghastly Displacement (You found it in an ice cave)
 13474 | IceCv    | Learned a level 3 spell: Teleport Other
 13512 | IceCv    | Learned a level 4 spell: Control Teleport
 13689 | IceCv    | Reached skill level 11 in Spellcasting
 14128 | IceCv    | Noticed a death yak
 14133 | IceCv    | Killed a death yak
 14137 | IceCv    | Reached skill level 5 in Charms
 14139 | IceCv    | Noticed a death yak
 14140 | IceCv    | Killed a death yak
 14163 | IceCv    | Reached skill level 5 in Translocations
 14164 | IceCv    | Reached skill level 12 in Spellcasting
 14455 | IceCv    | Learned a level 5 spell: Phase Shift
 14695 | IceCv    | Noticed a frost giant
 15714 | Lair:1   | Noticed Gastronok
 15787 | Lair:1   | Killed Gastronok
 15787 | Lair:1   | Received a gift from Sif Muna
 15787 | Lair:1   | Reached XP level 12. HP: 6/55 MP: 11/29
 15788 | Lair:1   | Identified Fyumpatz's Guide on Cankerous Battle Magic (Sif Muna gifted it to you on level 1 of the Lair of Beasts)
 15792 | Lair:1   | Learned a level 2 spell: Searing Ray
 16575 | Lair:1   | Noticed a four-headed hydra
 16948 | Lair:2   | Learned a level 4 spell: Olgreb's Toxic Radiance
 17019 | Lair:2   | Noticed Urug
 17105 | Lair:2   | Killed Urug
 17259 | Lair:2   | Noticed an eight-headed hydra
 17517 | Lair:2   | Reached skill level 1 in Polearms
 17849 | Lair:2   | Reached skill level 13 in Spellcasting
 17888 | Lair:3   | Learned a level 4 spell: Airstrike
 17893 | Lair:3   | Learned a level 4 spell: Summon Lightning Spire
 18327 | Lair:3   | Noticed a seven-headed hydra
 18346 | Lair:3   | Killed a seven-headed hydra
 19126 | Lair:3   | Learned a level 6 spell: Deflect Missiles
 20725 | Lair:5   | Found a staircase to the Snake Pit.
 20799 | Lair:5   | Reached skill level 10 in Dodging
 20985 | Lair:5   | Reached XP level 13. HP: 29/59 MP: 2/31
 21324 | Lair:5   | Received a gift from Sif Muna
 21325 | Lair:5   | Identified Sif Muna's Disquisition on Translocation (Sif Muna gifted it to you on level 5 of the Lair of Beasts)
 21719 | Lair:5   | Reached skill level 14 in Spellcasting
 22487 | Lair:6   | Found a staircase to the Swamp.
 22650 | Lair:6   | Reached skill level 5 in Conjurations
 23049 | Lair:6   | Upgraded the game from 0.17-a0-1184-gb75be8f to 0.17-a0-1197-g2d00c63
 24405 | Lair:7   | Reached skill level 10 in Translocations
 24556 | Lair:8   | Entered Level 8 of the Lair of Beasts
 24621 | Lair:8   | Found a staircase to the Slime Pits.
 25226 | Lair:8   | Reached skill level 15 in Spellcasting
 25259 | Lair:8   | Received a gift from Sif Muna
 25261 | Lair:8   | Identified Sif Muna's Theurgy, Part Five (Sif Muna gifted it to you on level 8 of the Lair of Beasts)
 25625 | Lair:8   | Reached XP level 14. HP: 58/65 MP: 34/34
 27048 | Lair:2   | Killed an eight-headed hydra
 27383 | Lair:2   | Learned a level 6 spell: Dispersal
 27588 | D:9      | Killed a five-headed hydra
 27894 | Orc:1    | Entered Level 1 of the Orcish Mines
 28231 | Orc:2    | Noticed Maurice
 28270 | Orc:2    | Killed Maurice
 28888 | Orc:3    | Found Gamy's Weapon Shop.
 28888 | Orc:3    | Noticed Sonja
 28946 | Orc:3    | Killed Sonja
 29134 | Orc:3    | Found a staircase to the Elven Halls.
 29643 | Orc:4    | Entered Level 4 of the Orcish Mines
 30224 | Orc:4    | Reached skill level 16 in Spellcasting
 30321 | Orc:4    | Found Letrufryulo's Magic Scroll Boutique.
 30324 | Orc:4    | Found Keigh's General Store.
 30964 | Orc:4    | Found a roughly hewn altar of Beogh.
 32181 | Orc:4    | Received a gift from Sif Muna
 32303 | Orc:4    | Found Ocrug's Book Emporium.
 32303 | Orc:4    | Found a one-way gate leading to the halls of Pandemonium.
 32303 | Orc:4    | Found Utuekemnuc's Antique Armour Shoppe.
 32332 | Orc:4    | Bought a glowing robe for 26 gold pieces
 32472 | D:10     | Entered Level 10 of the Dungeon
 32561 | D:10     | Got an ancient robe
 32572 | D:10     | Identified the +2 robe "Ogod" {-Tele rC+ Regen+ MP-9} (You found it on level 10 of the Dungeon)
 33613 | D:11     | Reached XP level 15. HP: 70/70 MP: 32/36
 36141 | D:12     | Reached skill level 17 in Spellcasting
 36580 | D:12     | Got a twisted whip
 36581 | D:12     | Identified the +2 whip "Qigessut" {slash, Dex+2} (You found it on level 12 of the Dungeon)
 36923 | Snake:1  | Entered Level 1 of the Snake Pit
 38031 | Swamp:1  | Entered Level 1 of the Swamp
 38567 | Lair:2   | Learned a level 4 spell: Summon Lightning Spire
 39010 | Swamp:1  | Noticed Louise
 39021 | Swamp:1  | Killed Louise
 39099 | Swamp:1  | Noticed Nikola
 39139 | Swamp:1  | Learned a level 1 spell: Animate Skeleton
 39242 | Swamp:1  | Noticed Donald
 39262 | Swamp:1  | Killed Donald
 39262 | Swamp:1  | Received a gift from Sif Muna
 39270 | Swamp:1  | Identified Sif Muna's Compendium of Evil (Sif Muna gifted it to you on level 1 of the Swamp)
 39489 | Swamp:1  | Your ally Donald died
 39720 | Swamp:1  | Killed Nikola
 39957 | Swamp:2  | Noticed totalnoob's ghost (mighty DrIE)
 40260 | Swamp:2  | Identified the Grimoire of the Glacier
 40363 | Swamp:2  | Killed totalnoob's ghost
 40523 | Swamp:2  | Reached skill level 18 in Spellcasting
 40955 | Swamp:2  | Noticed Frances
 40979 | Swamp:2  | Killed Frances
 41415 | Swamp:2  | Reached XP level 16. HP: 74/74 MP: 30/39
 41424 | Swamp:2  | Gained mutation: You can translocate small distances at will. [potion of mutation]
 41424 | Swamp:2  | Gained mutation: You passively map a small area around you. [potion of mutation]
 41424 | Swamp:2  | Gained mutation: You are partially covered in yellow scales (AC +2). [potion of mutation]
 41425 | Swamp:2  | Gained mutation: You are somewhat resistant to further mutation. [potion of mutation]
 41425 | Swamp:2  | Gained mutation: You are resistant to hostile enchantments. [potion of mutation]
 42048 | Swamp:3  | Reached skill level 15 in Stealth
 43208 | Swamp:3  | Received a gift from Sif Muna
 43215 | Swamp:3  | Learned a level 2 spell: Stoneskin
 43420 | Swamp:4  | Entered Level 4 of the Swamp
 43493 | Swamp:4  | Reached skill level 1 in Transmutations
 43932 | Swamp:3  | Reached skill level 5 in Polearms
 44173 | Swamp:4  | Noticed a tentacled monstrosity
 44798 | Swamp:3  | Reached skill level 19 in Spellcasting
 46041 | Swamp:4  | Killed a tentacled monstrosity
 46200 | Swamp:4  | Received a gift from Sif Muna
 46492 | Swamp:4  | Identified Sif Muna's Papyrus of the Compass (Sif Muna gifted it to you on level 4 of the Swamp)
 46504 | Swamp:4  | Got a decaying rune of Zot
 46733 | Swamp:4  | Reached skill level 1 in Summonings
 46948 | Lair:5   | Learned a level 3 spell: Passwall
 47061 | Snake:1  | Reached skill level 1 in Necromancy
 47809 | Snake:2  | Reached skill level 5 in Transmutations
 48070 | Snake:2  | Reached XP level 17. HP: 55/79 MP: 30/41
 48159 | Snake:2  | Reached skill level 15 in Translocations
 48600 | Snake:2  | Found a glowing golden altar of the Shining One.
 49490 | Snake:3  | Noticed Kirke
 49543 | Snake:3  | Killed Kirke
 49771 | Snake:3  | Received a gift from Sif Muna
 49772 | Snake:3  | Identified Sif Muna's Reference Book on the Traveller and Darkness (Sif Muna gifted it to you on level 3 of the Snake Pit)
 49829 | Snake:3  | Reached skill level 10 in Air Magic
 50077 | Snake:3  | Reached skill level 20 in Spellcasting
 50498 | Snake:4  | Entered Level 4 of the Snake Pit
 50502 | Snake:4  | Found Wipykhal's General Store.
 50505 | Snake:4  | Bought the +0 troll leather armour "Qith" {Regen+ Str+4 Dex+2 Stlth+} for 523 gold pieces
 50580 | Snake:4  | Found Enuir's Assorted Antiques.
 50584 | Snake:4  | Bought a scratched brass ring for 180 gold pieces
 50640 | Snake:4  | Found Kaonul's Distillery.
 50681 | Snake:4  | Found Lixobb's Book Boutique.
 50850 | Snake:4  | Reached skill level 1 in Earth Magic
 51427 | Snake:4  | Reached skill level 1 in Armour
 51725 | Snake:4  | Got a serpentine rune of Zot
 52579 | D:13     | Noticed Maud
 52610 | D:13     | Killed Maud
 52822 | D:13     | Noticed Rupert
 52966 | D:13     | Killed Rupert
 52966 | D:13     | Received a gift from Sif Muna
 52972 | D:13     | Identified Sif Muna's Reference Book on Orientation (Sif Muna gifted it to you on level 13 of the Dungeon)
 52981 | D:13     | Learned a level 7 spell: Controlled Blink
 53092 | D:13     | Reached skill level 10 in Charms
 53188 | D:13     | Upgraded the game from 0.17-a0-1197-g2d00c63 to 0.17-a0-1210-g1e4f09d
 53250 | D:14     | Noticed Snorg
 53307 | D:14     | Killed Snorg
 53590 | D:14     | Found a gate to the Vaults.
 53724 | D:14     | Reached skill level 5 in Fighting
 53759 | D:14     | Noticed Roxanne
 53820 | D:14     | Killed Roxanne
 53842 | D:14     | Identified Roxanne's Reference Book on Transformation and Earth (You took it off Roxanne on level 14 of the Dungeon)
 53890 | D:14     | Reached XP level 18. HP: 84/84 MP: 22/43
 53973 | Vaults:1 | Entered Level 1 of the Vaults
 54797 | Vaults:1 | Learned a level 5 spell: Summon Forest
 54960 | Vaults:1 | Noticed Norris
 55034 | Vaults:1 | Killed Norris
 55185 | Vaults:1 | Received a gift from Sif Muna
 55186 | Vaults:1 | Identified Sif Muna's Papyrus of the Compass (Sif Muna gifted it to you on level 1 of the Vaults)
 55429 | Vaults:1 | Noticed Aizul
 55836 | Vaults:1 | HP: 2/84 [vault warden/long sword of venom (17)]
 55841 | Vaults:1 | Killed Aizul
 56014 | Vaults:1 | Your ally Aizul died
 56106 | Vaults:2 | Reached skill level 21 in Spellcasting
 56109 | Vaults:2 | Noticed Mara
 56126 | Vaults:2 | Noticed nubinia's illusion
 56128 | Vaults:2 | Killed Mara
 56258 | Vaults:2 | Noticed Frederick
 56460 | Vaults:2 | Received a gift from Sif Muna
 56461 | Vaults:2 | Identified Sif Muna's Handbook of Translocation and Conjuration (Sif Muna gifted it to you on level 2 of the Vaults)
 56470 | Vaults:2 | Learned a level 4 spell: Force Lance
 57200 | Vaults:2 | Reached skill level 10 in Transmutations
 57369 | Vaults:2 | Noticed Jorgrun
 57377 | Vaults:2 | Killed Frederick
 57395 | Vaults:2 | Killed Jorgrun
 57541 | Vaults:2 | Your ally Frederick died
 57756 | Vaults:2 | Reached XP level 19. HP: 73/88 MP: 45/45
 57947 | Vaults:2 | Found Haabok's Food Shoppe.
 57982 | Vaults:2 | Found a staircase to the Crypt.
 57982 | Vaults:2 | Found a basalt altar of Yredelemnul.
 57983 | Vaults:2 | Found an ancient bone altar of Kikubaaqudgha.
 58604 | Elf:1    | Entered Level 1 of the Elven Halls
 59560 | Elf:2    | Found Cutoclam's Distillery.
 59960 | Elf:2    | Found a huge runed gate.
 59960 | Elf:2    | Found a huge runed gate.
 59960 | Elf:2    | Found a huge runed gate.
 59981 | Elf:2    | Noticed Agnes
 60004 | Elf:2    | Killed Agnes
 60791 | Elf:2    | Reached skill level 22 in Spellcasting
 61491 | Crypt:1  | Entered Level 1 of the Crypt
 61955 | Crypt:1  | Received a gift from Sif Muna
 61956 | Crypt:1  | Identified Sif Muna's Guide on Augmentations (Sif Muna gifted it to you on level 1 of the Crypt)
 61961 | Crypt:1  | Learned a level 3 spell: Regeneration
 62263 | Crypt:1  | Identified the Compendium of Displaced Boosts
 63503 | Vaults:3 | Reached skill level 15 in Dodging
 64368 | Vaults:3 | Reached XP level 20. HP: 87/94 MP: 47/47
 65233 | Vaults:3 | Received a gift from Sif Muna
 65240 | Vaults:3 | Identified Sif Muna's Grimoire of Confrontation (Sif Muna gifted it to you on level 3 of the Vaults)
 65944 | Vaults:3 | Learned a level 4 spell: Sticky Flame
 66563 | Vaults:4 | Learned a level 5 spell: Iskenderun's Battlesphere
 67191 | Vaults:4 | Reached skill level 23 in Spellcasting
 68978 | D:15     | Entered Level 15 of the Dungeon
 69058 | D:15     | Noticed Nessos
 69593 | D:15     | Killed Nessos
 69641 | D:15     | Received a gift from Sif Muna
 69642 | D:15     | Identified Sif Muna's Grimoire of Fiery Attacks (Sif Muna gifted it to you on level 15 of the Dungeon)
 69935 | D:15     | Found a staircase to the Depths.
 69972 | Depths:1 | Entered Level 1 of the Depths
 70678 | Elf:3    | Entered Level 3 of the Elven Halls
 70812 | Elf:3    | Found a deep blue altar of Sif Muna.
 71085 | Elf:3    | Reached XP level 21. HP: 98/98 MP: 38/49
 71619 | Elf:3    | Got a faintly glowing war axe
 71628 | Elf:3    | Identified the cursed +1 war axe of the Silent Majority {flame, *Noise rN+ SInv} (You took it off a deep elf high priest on level 3 of the Elven Halls)
 71782 | Elf:3    | Got a clouded golden ring
 71783 | Elf:3    | Identified the ring of Lesser Demons {MR+ SInv} (You took it off a deep elf high priest on level 3 of the Elven Halls)
 71952 | Elf:3    | Got a crystal mace
 71953 | Elf:3    | Identified the +10 mace "Sexzueci" {crush, MR+++ MP+9 Str+2 Dex-3} (You took it off a deep elf sorcerer on level 3 of the Elven Halls)
 71998 | Elf:3    | Got a scintillating platinum ring
 71999 | Elf:3    | Identified the ring "Plog" {rF- Dex+8 Slay+4 SInv} (You took it off a deep elf sorcerer on level 3 of the Elven Halls)
 72076 | Elf:3    | Got a crude silver ring
 72077 | Elf:3    | Identified the ring of the Barracuda {rElec rC+++ Str-4 Int+4 SInv} (You took it off a deep elf demonologist on level 3 of the Elven Halls)
 72180 | Elf:3    | Got a translucent golden amulet
 72181 | Elf:3    | Identified the amulet of Fiev {+Rage rC++} (You took it off a deep elf annihilator on level 3 of the Elven Halls)
 72183 | Elf:3    | Got a bloodstained war axe
 72184 | Elf:3    | Identified the +8 war axe of Behallecw {venom, *Confuse Str+3} (You took it off a deep elf annihilator on level 3 of the Elven Halls)
 72546 | Elf:3    | Identified the Disquisition on Aid and Displacement
 72567 | Elf:3    | Identified the Almanac of Confrontation
 72570 | Elf:3    | Learned a level 1 spell: Magic Dart
 73211 | Depths:1 | Reached skill level 24 in Spellcasting
 73478 | Depths:1 | Found a one-way gate to the infinite horrors of the Abyss.
 73610 | Depths:1 | Received a gift from Sif Muna
 73613 | Depths:1 | Identified Jeekuh's Handbook of Battle Magic (Sif Muna gifted it to you on level 1 of the Depths)
 74065 | Depths:1 | Learned a level 4 spell: Control Undead
 74565 | Depths:1 | Found a gateway to Hell.
 76224 | Depths:2 | Got a heavily runed jade ring
 76225 | Depths:2 | Got a silken robe
 76228 | Depths:2 | Identified the +1 robe "Paic Ehileuj" {Slay+3} (You found it on level 2 of the Depths)
 76230 | Depths:2 | Identified the ring of Higial {+Fly Str+2 Int+5 Dex+4} (You found it on level 2 of the Depths)
 76948 | Depths:2 | Reached XP level 22. HP: 104/104 MP: 24/51
 77140 | Depths:2 | Noticed a caustic shrike
 77153 | Depths:2 | Killed a caustic shrike
 77153 | Depths:2 | Received a gift from Sif Muna
 77190 | Depths:2 | HP: 2/104 [white ugly thing (19)]
 77315 | Depths:2 | Upgraded the game from 0.17-a0-1210-g1e4f09d to 0.17-a0-1238-gda61031
 77499 | Depths:2 | Identified Siseit's Reference Book on the Escort (Sif Muna gifted it to you on level 2 of the Depths)
 77504 | Depths:2 | Learned a level 3 spell: Summon Guardian Golem
 77944 | Depths:2 | Reached skill level 5 in Necromancy
 79643 | Crypt:1  | Upgraded the game from 0.17-a0-1238-gda61031 to 0.17-a0-1262-gd250d98
 80082 | Crypt:2  | Noticed Khufu
 80577 | Crypt:2  | Reached skill level 25 in Spellcasting
 81476 | Crypt:2  | Received a gift from Sif Muna
 81487 | Crypt:2  | Identified Khufu's Grimoire of Black Magic (Sif Muna gifted it to you on level 2 of the Crypt)
 81822 | Crypt:2  | Noticed Sojobo
 82057 | Crypt:3  | Entered Level 3 of the Crypt
 82572 | Crypt:3  | Killed Sojobo
 82784 | Crypt:3  | Killed the ghostly Sojobo
 82922 | Crypt:3  | Your ally Sojobo died
 82933 | Crypt:3  | Found a basalt altar of Yredelemnul.
 83558 | Crypt:3  | Reached XP level 23. HP: 107/109 MP: 50/53
 84413 | Crypt:3  | Got a clouded bone ring
 84421 | Crypt:3  | Got a crude dagger
 84422 | Crypt:3  | Identified the +8 dagger of the Lame Duck {flame, *Noise Str+4 SInv} (You found it on level 3 of the Crypt)
 84424 | Crypt:3  | Identified the ring "Lesch" {SustAt *Contam +Fly MP+9 Str+2} (You took it off a skeletal warrior on level 3 of the Crypt)
 85200 | Crypt:3  | Received a gift from Sif Muna
 85201 | Crypt:3  | Identified Sif Muna's Volume of the Escort (Sif Muna gifted it to you on level 3 of the Crypt)
 85289 | Crypt:3  | Found a staircase to the Tomb.
 85901 | Crypt:3  | Identified the Handbook of Supportive Malediction
 85903 | Crypt:3  | Identified Voh Orcha's Tome of Evil and Clay
 88100 | Depths:1 | Learned a level 4 spell: Animate Dead
 88243 | Depths:3 | Noticed Oddysee's ghost (great MiFi)
 89139 | Depths:3 | Reached skill level 26 in Spellcasting
 89311 | Depths:3 | Killed Oddysee's ghost
 89919 | Depths:3 | Received a gift from Sif Muna
 91048 | Depths:4 | Found a bloodstained altar of Trog.
 91348 | Depths:4 | Reached XP level 24. HP: 90/115 MP: 52/54
 91463 | Depths:4 | Got a heavily runed sapphire amulet
 91466 | Depths:4 | Got a smoking robe
 91477 | Depths:4 | Identified the +2 robe of Jezumyoq {rF+} (You took it off a spriggan on level 4 of the Depths)
 91487 | Depths:4 | Identified the amulet "Udorear" {Faith rElec MR+ Dex+4 Stlth+} (You took it off a spriggan on level 4 of the Depths)
 91571 | Depths:4 | Got a faintly glowing cloak
 91572 | Depths:4 | Identified the +2 cloak of Damihywa {rC- rN++ Int+6} (You found it on level 4 of the Depths)
 91651 | Depths:4 | Noticed the Enchantress
 91733 | Depths:4 | Killed the Enchantress
 91737 | Depths:4 | Got a faerie dragon armour
 91738 | Depths:4 | Identified the +4 faerie dragon armour {rElec rCorr MP-9 Clar} (You took it off the Enchantress on level 4 of the Depths)
 93677 | Depths:5 | Entered Level 5 of the Depths
 93839 | Depths:5 | Received a gift from Sif Muna
 93873 | Depths:5 | Identified Sif Muna's Almanac of Vitriolic Arcane Weapons (Sif Muna gifted it to you on level 5 of the Depths)
 93979 | Depths:5 | Found a gateway to a ziggurat.
 94107 | Depths:5 | Reached skill level 10 in Polearms
 94147 | Depths:5 | Found a gate to the Realm of Zot.
 94246 | Depths:5 | Noticed Saint Roka
 94787 | Depths:4 | Killed Saint Roka
 94787 | Depths:4 | Reached skill level 1 in Invocations
 96365 | Crypt:3  | Lost mutation: You can translocate small distances at will. [potion of cure mutation]
 96365 | Crypt:3  | Lost mutation: You are somewhat resistant to further mutation. [potion of cure mutation]
 96365 | Crypt:3  | Lost mutation: You passively map a small area around you. [potion of cure mutation]
 96365 | Crypt:3  | Lost mutation: You are resistant to hostile enchantments. [potion of cure mutation]
 96365 | Crypt:3  | Lost mutation: You are partially covered in yellow scales (AC +2). [potion of cure mutation]
 96611 | D:14     | Gained mutation: You expend magic power (3 MP) to strengthen your wands. [potion of mutation]
 96611 | D:14     | Gained mutation: You are agile. (Dex +2) [potion of mutation]
 96611 | D:14     | Gained mutation: Your flesh is heat resistant. [potion of mutation]
 96849 | Elf:2    | Bought a potion of beneficial mutation for 490 gold pieces
 96849 | Elf:2    | Gained mutation: You are partially covered in rough black scales (AC +4, Dex -1). [potion of beneficial mutation]
 97115 | Temple   | Fell from the grace of Sif Muna
 97115 | Temple   | Became a worshipper of Zin the Law-Giver
 97115 | Temple   | Acquired Zin's first power
 97115 | Temple   | Acquired Zin's second power
 97115 | Temple   | Acquired Zin's third power
 97116 | Temple   | Donated 3309 gold pieces to Zin
 97279 | Lair:1   | Acquired Zin's fourth power
 97500 | Slime:1  | Entered Level 1 of the Pits of Slime
 99319 | Vaults:3 | Learned a level 5 spell: Lee's Rapid Deconstruction
 99606 | Lair:1   | Killed a four-headed hydra
100263 | Slime:6  | Entered Level 6 of the Pits of Slime
100347 | Slime:6  | Noticed Charly's ghost (mighty GrBe)
100839 | Slime:6  | Found a viscous altar of Jiyva.
101797 | Slime:6  | Identified the Almanac of the Compass and Summoning
101869 | Slime:6  | Noticed the royal jelly
102008 | Slime:6  | Identified a +5 rod of the swarm (12/12) (You found it on level 6 of the Pits of Slime)
102012 | Slime:6  | Identified First Steps in Hermeneutics
102038 | Slime:6  | Got a brightly glowing shortbow
102039 | Slime:6  | Identified the +8 shortbow of Disgust {freeze, MP+9} (You found it on level 6 of the Pits of Slime)
102742 | Slime:6  | Got an opalescent robe
102745 | Slime:6  | Got a slimy rune of Zot
102756 | Slime:6  | Identified the +1 robe "Mampoung" {rN+} (You found it on level 6 of the Pits of Slime)
103111 | Slime:6  | Identified a scroll of acquirement
103155 | Slime:6  | Got a slimy rapier
103156 | Slime:6  | Identified the +1 rapier of Gallantry {flame, *Rage rPois rC+} (You found it on level 6 of the Pits of Slime)
103743 | Vaults:3 | Reached XP level 25. HP: 121/121 MP: 39/54
103789 | Vaults:4 | Reached skill level 27 in Spellcasting
104019 | Vaults:5 | Entered Level 5 of the Vaults
105056 | Vaults:5 | Noticed an ancient lich
106221 | Vaults:5 | Reached skill level 5 in Invocations
106271 | Vaults:5 | Identified the Compendium of Lethal Heat
106295 | Vaults:5 | Learned a level 4 spell: Sticky Flame
106460 | Vaults:5 | Reached skill level 1 in Fire Magic
107051 | Vaults:5 | Identified a cursed +5 rod of clouds (13/13) (You found it on level 5 of the Vaults)
107623 | Vaults:4 | Killed an ancient lich
108785 | Vaults:5 | Got a silver rune of Zot
108830 | Vaults:5 | Got a steaming scimitar
108831 | Vaults:5 | Identified the cursed +2 scimitar "Vearr" {slice, rElec Dex+4} (You took it off an ironheart preserver on level 5 of the Vaults)
109541 | Vaults:5 | Reached XP level 26. HP: 127/127 MP: 46/55
109973 | Vaults:5 | Identified the Catalogue of Sinister Conjuration
110487 | Depths:1 | Voluntarily entered the Abyss.
110519 | Abyss:1  | Got a dazzling shortbow
110520 | Abyss:1  | Identified the +5 shortbow "Ivvoistrur" {flame, rPois Int+3} (You found it on level 1 of the Abyss)
111028 | Abyss:5  | Entered Level 5 of the Abyss
111028 | Abyss:5  | Found a corrupted altar of Lugonu.
111058 | Abyss:5  | Found a corrupted altar of Lugonu.
111697 | Abyss:5  | Got an abyssal rune of Zot
111841 | Depths:1 | Escaped the Abyss
111993 | Depths:1 | Upgraded the game from 0.17-a0-1262-gd250d98 to 0.17-a0-1301-ga863c44
112111 | Zot:1    | Entered Level 1 of the Realm of Zot
112333 | Zot:1    | Reached skill level 5 in Fire Magic
112708 | Zot:1    | Got a steaming lead ring
112709 | Zot:1    | Identified the ring of Wocw {AC+3 Dex+6} (You found it on level 1 of the Realm of Zot)
114498 | Zot:1    | Was forgiven by Sif Muna
115353 | Zot:3    | Reached skill level 10 in Fighting
115605 | Zot:3    | Reached XP level 27. HP: 133/133 MP: 40/55
116400 | Zot:3    | Noticed an orb of fire
116623 | Zot:3    | Reached skill level 10 in Invocations
118486 | Zot:4    | Found a corrupted altar of Lugonu.
118517 | Zot:4    | Identified Iskenderun's Almanac of Fire and Brimstone
118526 | Zot:4    | Identified the Papyrus of the Zealot
118681 | Zot:4    | Noticed an orb of fire
119230 | Zot:4    | Killed an orb of fire
119522 | Zot:4    | Reached skill level 15 in Air Magic
119889 | Hell     | Entered the Vestibule of Hell
119889 | Hell     | Noticed Geryon
119934 | Depths:5 | Reached skill level 5 in Earth Magic
119978 | Hell     | Killed Geryon
120625 | Hell     | Noticed an ancient lich
120641 | Depths:5 | Killed an ancient lich
121119 | Hell     | Reached skill level 15 in Invocations
121790 | Hell     | Found a gateway to the ashen valley of Gehenna.
121881 | Hell     | Found a gateway to the Iron City of Dis.
121945 | Hell     | Found a gateway to the freezing wastes of Cocytus.
122061 | Hell     | Found a gateway to the decaying netherworld of Tartarus.
122192 | Dis:1    | Entered Level 1 of the Iron City of Dis
123326 | Dis:7    | Entered Level 7 of the Iron City of Dis
127512 | Dis:7    | Reached skill level 5 in Armour
127819 | Dis:7    | Identified the Papyrus of Enchantment
127826 | Dis:7    | Learned a level 5 spell: Silence
127828 | Dis:7    | Got a brightly glowing amber ring
127829 | Dis:7    | Identified the ring of the Omega Point {rPois Stlth+} (You found it on level 7 of the Iron City of Dis)
130234 | Dis:7    | Noticed Dispater
130262 | Dis:7    | Got a slimy hand crossbow
130265 | Dis:7    | Got an iron rune of Zot
130267 | Dis:7    | Identified the Almanac of the Volcanoes (You found it on level 7 of the Iron City of Dis)
130288 | Hell     | Identified the +1 hand crossbow "Suxopoat" {elec, Stlth+} (You found it on level 7 of the Iron City of Dis)
130963 | Tomb:1   | Entered Level 1 of the Tomb of the Ancients
139101 | Tomb:3   | Entered Level 3 of the Tomb of the Ancients
141118 | Tomb:3   | Got a brightly glowing garnet amulet
141119 | Tomb:3   | Identified the amulet "Jiutur" {rCorr rPois Str-2 Dex+4} (You found it on level 3 of the Tomb of the Ancients)
141124 | Tomb:3   | Identified the Reference Book on Ice and the Escort
141134 | Tomb:3   | Got an ancient trident
141135 | Tomb:3   | Identified the +11 trident of Okawaru's Scorn {pierce, +Inv rF+ SInv Stlth+} (You found it on level 3 of the Tomb of the Ancients)
141161 | Tomb:3   | Got a sparkling brass ring
141162 | Tomb:3   | Identified the ring "Unnuydul" {rElec MP+9 Str+7 Dex-2 Stlth+} (You found it on level 3 of the Tomb of the Ancients)
141347 | Tomb:2   | Paralysed by the power of Zot for 5 turns
143484 | Tomb:3   | Got a golden rune of Zot
144375 | Pan      | Entered Pandemonium
144449 | Pan      | Found an exit through the horrors of the Abyss.
144464 | Pan      | Noticed Ureenimao the pandemonium lord
144488 | Pan      | Took an exit into the Abyss.
144488 | Abyss:1  | Escaped into the Abyss
144489 | Abyss:1  | Found a corrupted altar of Lugonu.
144501 | Depths:3 | Escaped the Abyss
144613 | Pan      | Entered Pandemonium
144805 | Pan      | Noticed Xiolezod the pandemonium lord
145974 | Pan      | Noticed Byqatops the pandemonium lord
146018 | Pan      | Killed Byqatops the pandemonium lord
146582 | Pan      | Upgraded the game from 0.17-a0-1301-ga863c44 to 0.17-a0-1311-gbcbd859
146802 | Pan      | Noticed Ditun the pandemonium lord
146898 | Pan      | Found a runed door.
146951 | Pan      | Noticed Neobo the pandemonium lord
146996 | Pan      | Killed Neobo the pandemonium lord
147232 | Pan      | Noticed Joenea the pandemonium lord
148956 | Pan      | Noticed Zoaruts Hasy the pandemonium lord
149143 | Pan      | Killed Zoaruts Hasy the pandemonium lord
150460 | Pan      | Got a demonic rune of Zot
150462 | Pan      | Got an iridescent morningstar
150463 | Pan      | Identified the +6 morningstar of the Original Sin {freeze, +Inv} (You found it in Pandemonium)
150686 | Pan      | Found an exit through the horrors of the Abyss.
150906 | Pan      | Found an exit through the horrors of the Abyss.
151047 | Pan      | Found an exit through the horrors of the Abyss.
151171 | Pan      | Noticed Epsoc Maa the pandemonium lord
151243 | Pan      | Entered the realm of Cerebov.
152233 | Pan      | Reached skill level 27 in Stealth
152367 | Pan      | Got a transparent flail
152368 | Pan      | Identified the cursed +3 flail of the Old World {crush, Str+4} (You took it off a balrug in Pandemonium)
152520 | Pan      | Reached skill level 27 in Dodging
152579 | Pan      | Noticed Cerebov
152868 | Pan      | Got a polished hand axe
152869 | Pan      | Identified the cursed +1 hand axe "Fera" {chop, rElec} (You found it in Pandemonium)
152890 | Pan      | Got a fiery rune of Zot
153001 | Depths:3 | Escaped Pandemonium
153015 | Pan      | Entered Pandemonium
153047 | Pan      | Noticed Ofuy the pandemonium lord
153080 | Pan      | Killed Ofuy the pandemonium lord
153333 | Pan      | Noticed Cerebov
153778 | Pan      | Entered the realm of Mnoleg.
154625 | Pan      | Noticed Mnoleg
155006 | Pan      | Paralysed by a giant eyeball for 3 turns
155008 | Pan      | Slain by Mnoleg

Vault maps used:
D:1:      dpeg_arrival_castle, minivault_25
D:3:      bloody_trog, uniq_crazy_yiuf_cottage
D:4:      minmay_temple_entry_trees, uniq_menkaure, uniq_robin
D:5:      nicolae_overflow_crystal_walls, first_bread, serial_shops,
          nicolae_shop_stone
D:6:      kennysheep_housing_project, minmay_misc_feat_roman
D:7:      gammafunk_temple_overflow_claw, serial_glass, glass_columns_a,
          glass_columns_a
D:8:      nemelex_xobeh_ov_fountains_minmay, david_nohive_1
D:9:      minmay_cut_squares, overflow_temple_1_default, lair_0_dummy,
          serial_column_ruins, column_ruins_square_medium, column_ruins_hut,
          column_ruins_open_small_water, column_ruins_open_tiny,
          column_ruins_open_small, column_ruins_grid_1,
          column_ruins_corridor_straight, uniq_erolcha
D:11:     minmay_opposing_rooms
D:13:     uniq_maud, uniq_rupert
D:14:     david_vaults_2, uniq_snorg, uniq_roxanne
D:15:     grunt_enter_depths_magical_seal, uniq_nessos
Temple:   water_room_temple_b_12
Lair:1:   portal_ice_cave_entry_ice_beasts, cheibrodos_lair_caveside_slide,
          uniq_gastronok
Lair:2:   st_stairs_11, minivault_26, infiniplex_staircase_pool_2,
          lemuel_fruit_fields, uniq_urug
Lair:5:   minmay_snake_entry_six_corridors
Lair:6:   swamp_mist_pool
Lair:7:   infiniplex_staircase_pool
Lair:8:   minmay_lair_end_enchanted_forest, minmay_slime_entry_pillars
Swamp:1:  nicolae_swamp_trees_clearing, uniq_donald, uniq_louise, uniq_nikola
Swamp:2:  nicolae_swamp_little_tower, uniq_frances
Swamp:3:  nicolae_swamp_very_dense_foliage, swamp_pool2, hangedman_swamp_cone
Swamp:4:  swamp, swamp_pool1
Snake:1:  grunt_ministairs_6, serial_bayou_pond_a, abandoned_shop
Snake:2:  basic_altar
Snake:3:  serial_bayou_shore_a, uniq_kirke
Snake:4:  minmay_snake_end_coiled, serial_shops, shop, shop,
          nicolae_shop_behind_doors, nicolae_shop_stone
Orc:2:    uniq_maurice
Orc:3:    serial_shops, shop, nicolae_orc_pool_cavern, uniq_sonja
Orc:4:    pf_orc_diabolical, statue_in_the_mist_lemuel, minmay_orc_temple_c
Elf:1:    eino_elf_arrival_the_gate, minivault_28
Elf:2:    serial_shops, shop, uniq_agnes
Elf:3:    grunt_elf_hall_branching, basic_altar
Vaults:1: nicolae_vaults_theta, v_alt_pattern_5, v_misc_29,
          nicolae_vaults_windows_and_doors_thing, vaults_dpeg_cross, v_misc_5,
          v_alt_pattern_4, st_cross, v_misc_32, v_rooms_3, vaults_room_octagon,
          nicolae_vaults_circle_grid_a, vaults_room_hallway, vaults_dpeg_ring,
          uniq_norris, uniq_aizul
Vaults:2: v_misc_31, vaults_mumra_minichess_inversion,
          nicolae_vaults_angled_halls, nicolae_vaults_little_squares_4,
          vaults_dpeg_spiral, grunt_vaults_twisty,
          minmay_crypt_entry_necro_gods, ontoclasm_vaults_twist,
          v_alt_pattern_6, v_misc_4, hangedman_vaults_capsules,
          nicolae_vaults_little_ls, vaults_room_hangedman_quadrants,
          vaults_dpeg_hooks, serial_shops, shop, uniq_jorgrun, uniq_mara,
          uniq_frederick
Vaults:3: ontoclasm_vaults_ring_small, nicolae_vaults_what_the_h, v_misc_27,
          nicolae_vaults_circle_grid_a, nicolae_vaults_shelves_hall,
          vaults_mumra_hex, ontoclasm_vaults_loading_screen,
          nicolae_vaults_border_crossing, nicolae_vaults_shelves_hall
Vaults:4: v_misc_28, nicolae_vaults_little_squares_3,
          nicolae_vaults_shelves_hall, vaults_room_door_hall,
          vaults_standard_mumra_enter_the_diamond, v_misc_15, st_star,
          v_pattern_2, vaults_standard_mumra_x, ontoclasm_vaults_chip,
          nicolae_vaults_angled_halls, v_misc_8, nicolae_vaults_theta,
          nicolae_vaults_ring_of_whatevers, vaults_room_large_hall
Crypt:1:  grunt_crypt_arrival_guarded_gate
Crypt:2:  grunt_deathspiral_small, serial_corexii_hall, corexii_hall_statues_s,
          corexii_hall_statues_l, basic_stair_grate_trap, uniq_sojobo,
          uniq_khufu
Crypt:3:  evilmike_haunted_forest
Depths:1: minmay_misc_feat_rugged, lightli_too_deep, abyss_entry,
          hangedman_decor_diamond_cutter, minivault_1, nrook_uturn,
          minmay_guarded_unrand_robustness
Depths:2: little_maze_vault, hell_entry, abyss_entry,
          hangedman_abyss_or_decor_passed, basic_stair_grate_trap,
          infiniplex_staircase_hallway_doors
Depths:3: thingy_vault, grunt_pan_entry_zigzag, hell_entry, lemuel_old_faithful,
          minmay_staircase_bubble
Depths:4: spriggan_forest, abyss_entry, hell_entry
Depths:5: evilmike_zot_entry_basic, enter_ziggurat_c, hangedman_coc_ice_floe,
          nicolae_two_hexagons, pan_entry, uniq_saint_roka
Dis:3:    hangedman_dis_monolith, hangedman_dis_decor_tower, door_vault,
          lemuel_elevator
Dis:7:    iron_city_of_dis
Zot:1:    st_single_dragon_hoard_4
Zot:2:    grunt_ministairs_12, hangedman_elemental_corridor
Zot:4:    nicolae_zot_draconian_monastery, zot_minivault_1
Abyss:1:  evilmike_abyss_exit_smiterflies, evilmike_abyss_exit_1
Abyss:3:  bh_abyss_exit_grid
Abyss:4:  evilmike_abyss_exit_disperse, evilmike_abyss_rune_ettins
Abyss:5:  hangedman_eye_storm, nicolae_abyss_rune_left_handed,
          evilmike_abyss_exit_mutagenic, guppyfry_abyss_exit_glass_guarded
Pan:      evilmike_mini_pan_doors, nicolae_pan_gloorx_vloqian_1,
          lemuel_draining_boxes, evilmike_mini_pan_thingy,
          evilmike_mini_pan_doors_b, nicolae_pan_sigil_nadil, grunt_pan_zigzag,
          pan_blood_fountain, nicolae_pan_mnolegish_2, rand_demon_1,
          enter_ziggurat_pan_d, reaverb_pan_squares, nicolae_pan_sigil_itan,
          rand_demon_9, pan_blood_fountain_small, grunt_pan_frozen_over,
          pan_blood_fountain, nicolae_pan_cerebovesque_3, grunt_pan_pentagram,
          nicolae_pan_mnolegish_3, lemuel_hellion_island,
          evilmike_mini_pan_corner, nicolae_pan_sigil_eeng,
          nicolae_pan_mnolegish_1, evilmike_mini_pan_doors,
          pan_blood_fountain_small, pan_blood_fountain_2, cerebov_grunt,
          pan_blood_fountain_small, pan_disco_hall, pan_blood_fountain,
          nicolae_pan_double_arrow, enter_ziggurat_pan_a,
          pan_blood_fountain_small, pan_surprise, nicolae_pan_mnolegish_1,
          rand_demon_9, uniq_cerebov, evilmike_mini_pan_possible_glass,
          pan_blood_fountain_2, pan_blood_fountain, mnoleg
IceCv:    ice_cave_caverns_02

Action                   |  1- 3 |  4- 6 |  7- 9 | 10-12 | 13-15 | 16-18 | 19-21 | 22-24 | 25-27 || total
-------------------------+-------+-------+-------+-------+-------+-------+-------+-------+-------++-------
Melee: Dagger            |    24 |   114 |   459 |   208 |       |       |       |       |       ||   805
       Short sword       |       |       |    83 |   157 |       |       |       |       |       ||   240
       Lance             |       |       |       |   406 |  2311 |  2710 |  2473 |  2617 |  8234 || 18751
       Quick blade       |       |       |       |       |       |       |       |   111 |   118 ||   229
       Trident           |       |       |       |       |       |       |       |       |   238 ||   238
 Fire: Blowgun           |       |       |    19 |    86 |    32 |    29 |     2 |     2 |       ||   170
 Cast: Sting             |    51 |   135 |   184 |   220 |    52 |     7 |       |       |       ||   649
       Mephitic Cloud    |       |     6 |    48 |   100 |   205 |   120 |   215 |    82 |    97 ||   873
       Cure Poison       |       |       |     1 |     1 |    16 |     1 |       |       |       ||    19
       Apportation       |       |       |       |    14 |     1 |     1 |     7 |     4 |    12 ||    39
       Shroud of Golubri |       |       |       |    24 |    57 |   112 |    66 |    45 |   127 ||   431
       Searing Ray       |       |       |       |    47 |       |       |       |       |       ||    47
       Airstrike         |       |       |       |    27 |   285 |   212 |   275 |   259 |   364 ||  1422
       Teleport Other    |       |       |       |     2 |     1 |     1 |       |       |       ||     4
       Blink             |       |       |       |     1 |     2 |     7 |     3 |     4 |    18 ||    35
       Deflect Missiles  |       |       |       |     1 |     3 |    15 |     2 |     3 |    14 ||    38
       Phase Shift       |       |       |       |       |    21 |   100 |    72 |    46 |   129 ||   368
       Olgreb's Toxic Ra |       |       |       |       |    14 |       |       |       |       ||    14
       Summon Lightning  |       |       |       |       |    15 |    94 |    60 |    23 |    12 ||   204
       Animate Skeleton  |       |       |       |       |     7 |   189 |   186 |    42 |       ||   424
       Stoneskin         |       |       |       |       |       |    89 |    67 |    45 |   124 ||   325
       Dispersal         |       |       |       |       |       |    11 |     4 |     3 |    10 ||    28
       Control Teleport  |       |       |       |       |       |     1 |     1 |     1 |     2 ||     5
       Summon Forest     |       |       |       |       |       |     4 |    22 |     2 |       ||    28
       Force Lance       |       |       |       |       |       |     1 |    63 |   115 |   107 ||   286
       Controlled Blink  |       |       |       |       |       |     1 |     1 |     1 |     2 ||     5
       Iskenderun's Batt |       |       |       |       |       |       |    36 |    71 |   105 ||   212
       Sticky Flame      |       |       |       |       |       |       |     1 |       |    93 ||    94
       Magic Dart        |       |       |       |       |       |       |     8 |     8 |     6 ||    22
       Control Undead    |       |       |       |       |       |       |     3 |    42 |       ||    45
       Animate Dead      |       |       |       |       |       |       |       |    56 |       ||    56
       Lee's Rapid Decon |       |       |       |       |       |       |       |    80 |    48 ||   128
Invok: Channel Energy    |       |       |       |     1 |       |       |       |     3 |       ||     4
       Forget Spell      |       |       |       |       |       |     1 |       |       |       ||     1
       Recite            |       |       |       |       |       |       |       |     1 |   179 ||   180
       Vitalisation      |       |       |       |       |       |       |       |       |    18 ||    18
       Sanctuary         |       |       |       |       |       |       |       |       |     2 ||     2
 Abil: Evoke Flight      |       |       |       |       |       |     2 |       |     1 |       ||     3
       Evoke Berserk Rag |       |       |       |       |       |     4 |     6 |     5 |       ||    15
Evoke: Phial of floods   |       |       |       |     1 |     1 |     2 |     2 |       |     1 ||     7
       Wand              |       |       |       |     2 |    12 |    10 |     2 |    10 |     5 ||    41
       Stone of tremors  |       |       |       |       |       |     1 |       |     2 |       ||     3
       Lamp of fire      |       |       |       |       |       |       |       |     3 |     1 ||     4
       Fan of gales      |       |       |       |       |       |       |       |     2 |     1 ||     3
  Use: Potion            |     1 |     2 |       |     3 |     2 |     4 |     1 |     6 |     9 ||    28
       Scroll            |     2 |     4 |     7 |    14 |     5 |    15 |    24 |    26 |    27 ||   124
 Stab: Sleeping          |     2 |    11 |    18 |    26 |    63 |    34 |    32 |    68 |    89 ||   343
       Confused          |       |     1 |    15 |    61 |   226 |   128 |   207 |   100 |   220 ||   958
       Distracted        |       |       |     1 |     7 |    13 |    49 |    35 |    47 |   104 ||   256
       Fleeing           |       |       |       |     2 |     1 |     1 |       |       |       ||     4
       Paralysed         |       |       |       |       |       |       |       |       |    14 ||    14
  Eat: Royal jelly       |       |     1 |     1 |     7 |       |       |     1 |     1 |     1 ||    12
       Fruit             |       |       |     4 |       |    23 |    13 |       |       |    12 ||    52
       Pizza             |       |       |       |       |     1 |     2 |     1 |     1 |     2 ||     7
       Bread ration      |       |       |       |       |       |     3 |     6 |     6 |     9 ||    24
